 Dungeon Crawl Stone Soup version 0.28.0-45-g0d030f2227 (webtiles) character file.

Game seed: 123317402154720508

14 nickcage the Skirmisher (level 2, -1/24 HPs)
             Began as a Demonspawn Abyssal Knight on Apr 13, 2022.
             Was a Follower of Lugonu.
             Slain by Natasha (4 damage)
             ... on level 2 of the Dungeon.
             The game lasted 00:01:18 (706 turns).

nickcage the Skirmisher (Demonspawn Abyssal Knight)  Turns: 706, Time: 00:01:18

Health: -1/24      AC:  3    Str: 13    XL:     2   Next: 27%
Magic:  3/3        EV: 11    Int: 11    God:    Lugonu [*.....]
Gold:   56         SH:  0    Dex: 13    Spells: 1/1 levels left

rFire   . . .      SeeInvis .   a - +1 spear
rCold   . . .      Faith    .   (no shield)
rNeg    . . .      Spirit   .   b - +0 leather armour
rPois   .          Reflect  .   (no helmet)
rElec   .          Harm     .   (no cloak)
rCorr   .          Rampage  .   (no gloves)
Will    .....                   (no boots)
Stlth   +.........              (no amulet)
HPRegen 0.08/turn               (no ring)
MPRegen 0.08/turn               (no ring)

@: slowed, very slow
A: weakness stinger 1
a: Renounce Religion, Depart the Abyss


You were on level 2 of the Dungeon.
You worshipped Lugonu.
Lugonu was aware of your devotion.
You visited 1 branch of the dungeon, and saw 2 of its levels.
You visited the Abyss 1 time.

You collected 56 gold pieces.

Inventory:

Hand Weapons
 a - a +1 spear (weapon)
Missiles
 c - 3 poisoned darts (quivered)
Armour
 b - a +0 leather armour (worn)
Scrolls
 d - a scroll of enchant armour {unknown}
 e - a scroll of magic mapping {unknown}


   Skills:
 - Level 3.0 Fighting
 + Level 2.7 Polearms
 - Level 1.7 Armour
 - Level 0.8 Dodging
 - Level 2.4 Invocations


You had one spell level left.
You didn't know any spells.
Your spell library was empty.

Dungeon Overview and Level Annotations

Branches:
Dungeon (2/15)

Altars:
Fedhas

Shops:
D:1 (

Annotations:
D:2 Natasha


Innate Abilities, Weirdness & Mutations

You have a small tail.


Message History

An endoplasm comes into view.
The endoplasm quivers.
You reach to attack!
You hit the endoplasm.
You kill the endoplasm!
Lugonu accepts your kill.
No target in view!
You now have 53 gold pieces (gained 16).
Found a blossoming altar of Fedhas.
e - a scroll labelled EFIYFFIZUF You now have 56 gold pieces (gained 3).
Found 21 bolts.
Natasha, Servant of Life and Death comes into view.
Natasha hisses angrily.
Natasha casts a spell at you.
You feel yourself slow down.
Found a stone staircase leading up.
Natasha growls.
Natasha casts a spell.
Found a scroll labelled ZOXOPO YNEGEE.
You reach to attack!
You barely miss Natasha. Natasha claws you.
You hit Natasha.
Natasha is lightly wounded.
Natasha misses you.
You hit Natasha.
Natasha is moderately wounded.
Natasha claws you. x2
You are too injured to fight recklessly!
You are too injured to fight recklessly!
You hit Natasha.
Natasha is heavily wounded.
Natasha mumbles some strange words.
You closely miss Natasha.
Natasha is heavily wounded.
Natasha claws you.
* * * LOW HITPOINT WARNING * * *
Natasha closely misses you.
You hit Natasha.
Natasha is severely wounded.
Natasha claws you.
You die...

... ##.. .h.. ##. ...#
.# ##.. #... .# ##...
##.#.< #.# #####.>..
#.$...#####.###........
#.....##............
####h....##..###....
#@.#..###.## #.#..
..?.(...##....#.####.###
##.#..#####.#.#......#
#..#####.#....#####
............#.##
#..############# ##. #


You could see Natasha.

Vanquished Creatures
  3 endoplasms
  2 quokkas (D:1)
  A ball python (D:1)
  3 bats (D:1)
  A frilled lizard (D:1)
  2 goblins
  A kobold (D:1)
  2 rats
15 creatures vanquished.

Vanquished Creatures (others)
  2 fungi (D:1)
2 creatures vanquished.

Grand Total: 17 creatures vanquished

Notes
Turn   | Place    | Note
-------+----------+-------------------------------------------
     0 | Abyss:1  | nickcage the Demonspawn Abyssal Knight began the quest for
                  | the Orb.
     0 | Abyss:1  | Reached XP level 1. HP: 18/18 MP: 2/2
    30 | Abyss:1  | Found a corrupted altar of Lugonu.
    33 | D:1      | Escaped the Abyss
   115 | D:1      | Found Ogompiax's Antique Weapon Shoppe.
   269 | D:1      | Found a faded altar of an unknown god.
   320 | D:1      | Reached * piety under Lugonu
   432 | D:1      | Gained mutation: You have a small tail. [demonic ancestry]
   432 | D:1      | Reached XP level 2. HP: 24/24 MP: 3/3
   631 | D:2      | Found a blossoming altar of Fedhas.
   695 | D:2      | Noticed Natasha
   706 | D:2      | Slain by Natasha

Illustrated notes

Levels and vault maps discovered:
D:1:      grunt_arrival_lava_bath, layout_rooms,
          shapermc_ecumenical_altar_ellora, serial_shops, nicolae_diamond_shop
D:2:      layout_rooms, basic_altar, minmay_increasing_density, uniq_natasha

Skill      XL: |  1 |
---------------+----+-----
Polearms       | 2 |  2.7
Fighting       | |  3.0
Armour         | |  1.7
Dodging        | |  0.8
Invocations    | |  2.4

Action                   || total
-------------------------++-------
Melee: Spear             ||    37
Invok: Depart the Abyss  ||     1
 Stab: Sleeping          ||     1
Armor: Leather armour    ||     5
Dodge: Dodged            ||     7
